 Dungeon Crawl Stone Soup version 0.27-a0-1302-g7736ffe575 (webtiles) character file.

Game seed: 312367043829766858

21 Kinoniko the Chopper (level 2, -4/25 HPs)
             Began as a Demigod Fighter on June 18, 2021.
             Slain by Sigmund (11 damage)
             ... on level 2 of the Dungeon.
             The game lasted 00:00:35 (814 turns).

Kinoniko the Chopper (Demigod Fighter)               Turns: 814, Time: 00:00:36

Health: -4/25      AC:  6    Str: 17    XL:     2   Next: 48%
Magic:  4/4        EV:  6    Int: 10    God:
Gold:   60         SH:  0    Dex: 13    Spells: 1/1 levels left

rFire    . . .     SeeInvis .   a - +0 war axe
rCold    . . .     Faith    .   c - +0 kite shield
rNeg     . . .     Spirit   .   b - +0 scale mail
rPois    .         Reflect  .   (no helmet)
rElec    .         Harm     .   (no cloak)
rCorr    .         Rampage  .   (no gloves)
Will     .....                  (no boots)
Stlth    ..........             (no amulet)
HPRegen  0.08/turn              (no ring)
MPRegen  0.09/turn              (no ring)

@: confused, mighty
A: high mp 1, forlorn
a: no special abilities


You were on level 2 of the Dungeon.
You visited 1 branch of the dungeon, and saw 2 of its levels.

You collected 60 gold pieces.

Inventory:

Hand Weapons
 a - a +0 war axe (weapon)
Armour
 b - a +0 scale mail (worn)
 c - a +0 kite shield (worn)
Scrolls
 e - a scroll of identify {unknown}
 g - 2 scrolls of noise {unknown}
 h - a scroll of immolation {unknown}
Potions
 f - a potion of heal wounds {unknown}
 i - a potion of ambrosia {unknown}
 j - a potion of degeneration {unknown}


   Skills:
 - Level 2.6 Fighting
 * Level 3.0 Axes
 - Level 2.6 Armour
 - Level 2.6 Shields


You had one spell level left.
You didn't know any spells.
Your spell library was empty.

Dungeon Overview and Level Annotations

Branches:
Dungeon (2/15)

Annotations:
D:2 Sigmund


Innate Abilities, Weirdness & Mutations

Your attributes grow dramatically as you level up.
You have an increased reservoir of magic. (+10% MP)
You shall have no god before yourself.


Message History

No target in view!
No target in view!
No target in view!
A hobgoblin comes into view.
The hobgoblin shouts!
A hobgoblin is nearby!
A hobgoblin is nearby!
You slash the hobgoblin!
You kill the hobgoblin!
Your Axes skill increases to level 3!
No target in view!
No target in view!
No target in view!
No target in view!
No target in view!
No target in view!
No target in view!
No target in view!
You now have 37 gold pieces (gained 8).
You now have 48 gold pieces (gained 11).
You now have 60 gold pieces (gained 12).
Sigmund the Dreaded comes into view.
He is wielding a +0 scythe.
Sigmund is nearby!
Sigmund is nearby!
Sigmund hits you with a +0 scythe.
You hit Sigmund.
Sigmund is lightly wounded.
Sigmund hits you with a +0 scythe.
You hit Sigmund.
Sigmund is moderately wounded.
Sigmund points at you and mumbles some strange words.
You are confused.
Sigmund completely misses you.
You are too confused!
You feel very mighty all of a sudden. Sigmund hits you with a +0 scythe.
You bump into the rock wall.
Sigmund hits you with a +0 scythe!
* * * LOW HITPOINT WARNING * * *
You bump into the rock wall.
Sigmund hits you with a +0 scythe!
You die...

...#. #.# #.##. #.# #.##..#
#.# #.##..#####.#####
#.##............#
#†###.#.###.###.# #.# #.#.#
#.# #.# ### #.# #.#@# #.# #.#
#.# #<# #.#@# #.# #.# #.#
#######.###.#.###.###.#####.#
#...†.......................#
#######.###.#.#######.#####.#
#.# #.#.# #..........# ###
#.#.# #.##.#####.# #.#.#
#.##.### #.# #.#.# #.##...#
#.# #.#.####.##.### ###


You could see Sigmund.

Vanquished Creatures
  A bat (D:1)
  A giant cockroach (D:1)
  3 goblins (D:1)
  2 hobgoblins (D:2)
  4 ball pythons (D:1)
  2 frilled lizards
  6 kobolds (D:1)
  2 rats (D:1)
21 creatures vanquished.

Notes
Turn   | Place    | Note
-------+----------+-------------------------------------------
     0 | D:1      | Kinoniko the Demigod Fighter began the quest for the Orb.
     0 | D:1      | Reached XP level 1. HP: 18/18 MP: 3/3
    73 | D:1      | Reached skill level 2 in Axes
   392 | D:1      | Reached XP level 2. HP: 25/25 MP: 4/4
   736 | D:2      | Reached skill level 3 in Axes
   806 | D:2      | Noticed Sigmund
   814 | D:2      | Slain by Sigmund

Illustrated notes

Levels and vault maps discovered:
D:1:      lemuel_arrival_behind_the_door_small, layout_rooms,
          ebering_ecumenical_altar_mist
D:2:      layout_basic, minmay_diced_spiral, uniq_sigmund

Skill      XL: |  1  2 |
---------------+-------+-----
Axes           | 2 3 |  3.0
Fighting       | |  2.6
Armour         | |  2.6
Shields        | |  2.6

Action                   || total
-------------------------++-------
Melee: War axe           ||    50
  Use: Potion            ||     1
Armor: Scale mail        ||    41
Dodge: Dodged            ||    12
Block: Kite shield       ||    25

Table legend: (Time is in decaauts)
 A = Elapsed time spent in this place.
 B = Non-inter-level travel time spent in this place.
 C = Inter-level travel time spent in this place.
 D = Time resting spent in this place.
 E = Time spent auto-exploring this place.
 F = Levels seen in this place.
 G = Mean time per level.
                   A        B        C        D        E       F      G
               +--------+--------+--------+--------+--------+-----+--------+
         Total |    845 |    834 |     11 |      0 |    699 |   2 |  422.5 |
       Dungeon |    845 |    834 |     11 |      0 |    699 |   2 |  422.5 |
               +--------+--------+--------+--------+--------+-----+--------+

Top non-repeatable levels by time:
     D:1: 743 daAuts
     D:2: 102 daAuts
